 Dungeon Crawl Stone Soup version 0.13-a0-2202-g857913d (webtiles) character file.

254 Kae the Firebug (level 5, -1/28 HPs)
             Began as a Tengu Fire Elementalist on July 2, 2013.
             Killed by divine providence
             ... invoked by an orc priest
              (10 damage)
             ... on Level 3 of the Dungeon.
             The game lasted 00:03:22 (2172 turns).

Kae the Firebug (Tengu Fire Elementalist)           Turns: 2172, Time: 00:03:22

HP  -1/28        AC  3     Str  8      XL: 5   Next: 64%
MP   8/11        EV 12     Int 16      God:
Gold 69          SH  0     Dex 15      Spells:  3 memorised,  2 levels left

Res.Fire  : . . .   See Invis. : .   s - +2 whip (freeze)
Res.Cold  : . . .   Warding    : .   a - +0 robe
Life Prot.: . . .   Conserve   : .   (no shield)
Res.Poison: .       Res.Corr.  : .   (helmet restricted)
Res.Elec. : .       Clarity    : .   (no cloak)
Sust.Abil.: . .     Spirit.Shd : .   l - +0 pair of gloves
Res.Mut.  : .       Stasis     : .   (boots unavailable)
Res.Rott. : .       Flight     : .   (no amulet)
Saprovore : . . .                    (no ring)
                                     (no ring)

@: slightly resistant to hostile enchantments, fairly stealthy
A: able to fly, beak, talons 3
a: Fly


You were on level 3 of the Dungeon.
You were hungry.

You visited 1 branch of the dungeon, and saw 3 of its levels.

You collected 49 gold pieces.

Inventory:

Hand weapons
 s - a +2,+2 whip of freezing (weapon)
Armour
 a - a +0 robe (worn)
 l - a +0 pair of gloves (worn)
Magical devices
 j - a wand of confusion (13) {unknown}
Comestibles
 c - a bread ration
 f - a pear
 q - a chunk of giant gecko flesh
Scrolls
 d - 2 scrolls of remove curse {unknown}
 e - 2 scrolls of identify {unknown}
 g - a scroll of random uselessness {unknown}
 i - a scroll of magic mapping {unknown}
 m - a scroll of amnesia {unknown}
 n - a scroll of curse armour {unknown}
 r - 3 scrolls of teleportation {unknown}
Jewellery
 o - an uncursed ring of fire {unknown}
 p - an uncursed amulet of warding {unknown}
Potions
 h - a potion of curing
 k - a potion of resistance {unknown}
Books
 b - a book of Flames

   Spells                             Type                      Level
   *Flame Tongue                      Conjuration/Fire             1
   *Throw Flame                       Conjuration/Fire             2
   *Conjure Flame                     Conjuration/Fire             3
   Inner Flame                        Hexes/Fire                   3
   Sticky Flame                       Conjuration/Fire             4
   Fireball                           Conjuration/Fire             5


   Skills:
 - Level 2.1 Dodging
 - Level 2.0 Stealth
 + Level 2.2 Spellcasting
 * Level 4.5 Conjurations
 * Level 5.0 Fire Magic


You had 2 spell levels left.
You knew the following spells:

 Your Spells              Type           Power        Failure   Level  Hunger
a - Flame Tongue          Conj/Fire      ###..        3%          1    #......
b - Throw Flame           Conj/Fire      ###...       6%          2    ##.....
c - Conjure Flame         Conj/Fire      ###.....     12%         3    ####...


Dungeon Overview and Level Annotations

Branches:
Dungeon (3/27)

Altars:
Trog


Innate Abilities, Weirdness & Mutations

You can fly.
You have a beak for a mouth.
You have claws for feet.


Message History

The kobold throws a dart.
The dart misses you.
The orc priest's eyes start to glow.
Things that are here:
2 darts; 17 gold pieces Read which item? (? for menu, Esc to quit)
Okay, then.
Drink which item? (? for menu, Esc to quit)
You feel better.
It was a potion of curing.
Casting: Flame Tongue
Confirm with . or Enter, or press ? or * to list all spells.
Aiming: Conjure Flame
Press: ? - help, Dir - move target cursor, p - kobold The fire roars!
You are feeling hungry.
The orc hits you with an orcish war axe!
The orc priest calls down the wrath of Beogh upon you.
Something smites you!
The orc priest mumbles some strange prayers to Beogh against you.
Something smites you!
You die...

....# ### #.#### .##. # #
..# #.# # .# # .#. #.# #.#
# ## #. #.# #.# #.#### .
#.. #.# #.# ##...## ..
#.?########.## #.#
##%.##.# .
...........###.####.#%###.
#.######...........%..##.
#o§.K.o.@(###.####.#..##.
###.###o######..#
#............ #.........#
#...# #.######.....
.....o...K......# #.#
###### .......o.####...#
#.# .......o.. ....# #.#
........######## #.#
........ . ......#


You could see 2 orc priests, an orc and a kobold.

Vanquished Creatures
  Sigmund (D:2)
  Ijyb (D:2)
  Jessica (D:2)
  3 adders
  A giant mite (D:2)
  A worm (D:3)
  A giant gecko (D:3)
  An ooze (D:1)
  3 giant cockroaches
  A goblin (D:1)
  5 hobgoblins
  2 jackals (D:2)
  6 bats
  2 giant newts (D:1)
  4 kobolds
  9 rats
42 creatures vanquished.

Vanquished Creatures (others)
  A rat (D:2)
1 creature vanquished.

Grand Total: 43 creatures vanquished

Notes
Turn   | Place    | Note
--------------------------------------------------------------
     0 | D:1      | Kae, the Tengu Fire Elementalist, began the quest for the Orb.
     0 | D:1      | Reached XP level 1. HP: 10/10 MP: 3/3
   340 | D:1      | Reached XP level 2. HP: 9/15 MP: 0/5
   887 | D:1      | Learned a level 2 spell: Throw Flame
   951 | D:2      | Noticed Jessica
   958 | D:2      | Killed Jessica
   958 | D:2      | Reached skill level 4 in Fire Magic
   958 | D:2      | Reached XP level 3. HP: 13/19 MP: 2/7
  1210 | D:2      | Noticed Ijyb
  1212 | D:2      | Reached XP level 4. HP: 24/24 MP: 6/8
  1242 | D:2      | Learned a level 3 spell: Conjure Flame
  1261 | D:2      | Killed Ijyb
  1603 | D:2      | Noticed Sigmund
  1611 | D:2      | Killed Sigmund
  1611 | D:2      | Reached XP level 5. HP: 15/28 MP: 6/11
  2073 | D:3      | Reached skill level 5 in Fire Magic
  2104 | D:3      | Found a bloodstained altar of Trog.
  2172 | D:3      | Killed from afar by an orc priest

Action                   |  1- 3 |  4- 6 || total
-------------------------+-------+-------++-------
Melee: Unarmed           |    19 |    13 ||    32
       Whip              |       |     1 ||     1
 Cast: Flame Tongue      |    48 |    35 ||    83
       Conjure Flame     |       |     2 ||     2
       Throw Flame       |       |     1 ||     1
  Use: Potion            |       |     1 ||     1
 Stab: Distracted        |     1 |       ||     1
